 Dungeon Crawl Stone Soup version 0.28-a0-194-g42b4daccc1 (webtiles) character file.

Game seed: 4119617740265397777

15628 Spaninq the Grappler (level 12, -6/123 HPs)
             Began as a Black Draconian Transmuter on Aug 18, 2021.
             Was a Follower of Ashenzari.
             Mangled by a two-headed ogre (8 damage)
             ... while petrified by Jorgrun
             ... on level 2 of the Orcish Mines.
             The game lasted 00:42:38 (13382 turns).

Spaninq the Grappler (Black Draconian Transmuter)  Turns: 13382, Time: 00:42:39

Health: -6/123     AC: 17    Str: 15    XL:     12   Next: 2%
Magic:  21/21      EV: -1    Int: 22    God:    Ashenzari [*.....]
Gold:   843        SH:  0    Dex:  7    Spells: 15/23 levels left

rFire   . . .      SeeInvis .     - Unarmed
rCold   . . .      Faith    .   d - +0 buckler "Sybil of the Sky" {Cun, Evo} (curse)
rNeg    + + +      Spirit   .   (armour unavailable)
rPois   ∞          Reflect  .   D - +2 hat of Cremastomancy {Alch, Elem} (curse)
rElec   +          Harm     .   r - scarf {repulsion}
rCorr   +          Rampage  .   f - +3 pair of gauntlets of War {Slay+5}
Will    .....                   b - +2 pair of boots of Greater Demons {Regen+ rCorr Int+6 Dex-5}
Stlth   +.........              (no amulet)
HPRegen 1.30/turn               (no ring)
MPRegen 0.17/turn               (no ring)

@: petrified, wereblooded, grasped by roots, constricted, repel missiles
A: breathe lightning, AC +8, unfitting armour, electricity resistance,
cold-blooded, robust 2
a: Breathe Lightning, Renounce Religion, Curse Item, Shatter the Chains


You were on level 2 of the Orcish Mines.
You worshipped Ashenzari.
Ashenzari was aware of your devotion.
You visited 4 branches of the dungeon, and saw 15 of its levels.

You collected 843 gold pieces.

Inventory:

Hand Weapons
 e - a +4 hunting sling of freezing
 h - a +1 hand axe of venom
 G - a +1 scimitar of flaming
Missiles
 H - 55 sling bullets
Armour
 b - the +2 pair of boots of Greater Demons (worn) {Regen+ rCorr Int+6 Dex-5}
   (You found it on level 5 of the Dungeon)

   Int:       It affects your intelligence (+6).
   Dex:       It affects your dexterity (-5).
   Regen:     It increases your rate of health regeneration.
   rCorr:     It protects you from acid and corrosion.
 d - the cursed +0 buckler "Sybil of the Sky" (worn) {Cun, Evo}
   (You found it on level 1 of the Dungeon)

   It has a curse which improves the following skills: Cunning: Dodging and
   Stealth.
   Evocations: Evocations.
 f - the +3 pair of gauntlets of War (worn) {Slay+5}
   (You acquired it on level 6 of the Dungeon)

   Slay:      It affects your accuracy & damage with ranged weapons and melee
   (+5).
 p - a +0 cloak
 r - a scarf of repulsion (worn)
 A - a +2 kite shield
 D - the cursed +2 hat of Cremastomancy (worn) {Alch, Elem}
   (You took it off Gastronok on level 9 of the Dungeon)

   It has a curse which improves the following skills: Alchemy: Poison Magic and
   Transmutations.
   Elements:  Fire Magic, Ice Magic, Air Magic and Earth Magic.
Jewellery
 C - a ring of fire
Wands
 g - a wand of paralysis (10)
 o - a wand of polymorph (9)
 q - a wand of flame (31)
 B - a wand of iceblast (13)
 E - a wand of mindburst (18)
Scrolls
 a - 2 scrolls of fog
 k - 2 scrolls of amnesia
 m - 4 scrolls of teleportation
 n - a scroll of holy word
 s - a scroll of fear
 u - 7 scrolls of magic mapping
 w - a scroll of summoning
 z - a scroll of enchant weapon
Potions
 c - 4 potions of curing
 i - a potion of attraction
 j - a potion of flight
 l - 2 potions of brilliance
 t - a potion of magic
 v - a potion of cancellation
 x - 5 potions of heal wounds
 F - a potion of mutation
 I - 2 potions of resistance


   Skills:
 + Level 8.9 Fighting
 + Level 7.5(8.6) Dodging
 + Level 6.7 Shields
 * Level 11.7 Unarmed Combat
 - Level 6.2 Spellcasting
 - Level 6.9(7.9) Transmutations


You had 15 spell levels left.
You knew the following spells:

 Your Spells              Type           Power      Damage    Failure   Level
a - Beastly Appendage     Tmut           82%        N/A       1%          1
b - Wereblood             Tmut           41%        N/A       1%          2
c - Blade Hands           Tmut           20%        N/A       10%         5

Your spell library contained the following spells:

 Spells                   Type           Power      Damage    Failure   Level
 Spider Form              Tmut/Pois      12%        N/A       4%          3
 Corpse Rot               Necr/Air       N/A        N/A       13%         2
 Ensorcelled Hibernation  Hex/Ice        14%        N/A       13%         2
 Poisonous Vapours        Pois/Air       14%        N/A       13%         2
 Blink                    Tloc           N/A        N/A       14%         2
 Ice Form                 Ice/Tmut       24%        N/A       17%         4
 Portal Projectile        Hex/Tloc       12%        N/A       26%         3
 Tukima's Dance           Hex            6%         N/A       26%         3
 Yara's Violent Unravell  Hex/Tmut       12%        3d7       43%         5
 Passage of Golubria      Tloc           N/A        N/A       65%         4
 Excruciating Wounds      Necr           3%         N/A       94%         5
 Freezing Cloud           Conj/Ice/Air   3%         6-21      94%         5
 Manifold Assault         Tloc           6%         N/A       94%         5
 Shadow Creatures         Summ           N/A        N/A       100%        6
 Storm Form               Tmut/Air       12%        N/A       100%        7


Dungeon Overview and Level Annotations

Branches:
Dungeon (11/15)            Temple (1/1) D:7            Lair (1/6) D:8
    Orc (2/2) D:10
    Elf: Orc:2

Altars:
Ashenzari
Cheibriados
Dithmenos
Elyvilon
Fedhas
Gozag
Hepliaklqana
Kikubaaqudgha
Makhleb
Nemelex Xobeh
Okawaru
Qazlal
Ru
Sif Muna
Trog
Uskayaw
Vehumet
Wu Jian
Xom
Yredelemnul
Zin
The Shining One

Shops:
D:1 !   D:2 (   D:5 (   D:7 :*

Portals:
Trove: D:10 (show abyssal rune of Zot)

Annotations:
Orc:2 Jorgrun


Innate Abilities, Weirdness & Mutations

You can breathe wild blasts of lightning.
Your glossy black scales are hard. (AC +8)
You cannot fit into any form of body armour.
You are resistant to electric shocks. (rElec)
You are cold-blooded and may be slowed by cold attacks.
You are very robust. (+20% HP)


Message History

Press: ? - help, Dir - move target
As you read the scroll of blinking, it crumbles to dust.
Jorgrun casts a spell at you.
You are slowing down.
Jorgrun casts a spell at you.
Roots burst forth from the earth!
The grasping roots grab you! The grasping roots constrict you!
* * * LOW HITPOINT WARNING * * *
Jorgrun points at the rock wall and mumbles some strange words.
Some rock shatters into small pieces.
The grasping roots constrict you!
* * * LOW HITPOINT WARNING * * *
Your limbs are stiffening.
The roots' grasp on you weakens, but your attempt to escape fails.
The grasping roots constrict you!
* * * LOW HITPOINT WARNING * * *
You have turned to stone.
An ogre comes into view. It is wielding a +0 giant club.
The grasping roots constrict you!
* * * LOW HITPOINT WARNING * * *
The ogre moves out of view.
An orc priest comes into view. It is wielding a +0 hand axe.
The grasping roots constrict you.
You howl as the wereblood boils in your veins!
The two-headed ogre hits you with a +0 giant club.
* * * LOW HITPOINT WARNING * * *
The two-headed ogre hits you but does no damage.
The grasping roots constrict you!
* * * LOW HITPOINT WARNING * * *
An orc warrior comes into view. It is wielding a +0 flail.
The grasping roots constrict you!
* * * LOW HITPOINT WARNING * * *
The two-headed ogre hits you with a +0 giant club!
* * * LOW HITPOINT WARNING * * *
The two-headed ogre hits you with a +0 giant club.
* * * LOW HITPOINT WARNING * * *
The grasping roots constrict you.
* * * LOW HITPOINT WARNING * * *
The two-headed ogre hits you with a +0 giant club!
You die...

.....#.###...
#.......#....
........... #........
#......# ..... #....##
## #......
#.....##.###.......
.####.<.@.....#........
..........Og.####......
..............##.......
.......#.#.....)...#
.......####........## .
....... #o........# ...
.......
#o........#.....
...#...
.......##.§....... ..#.
.....###..........


You could see Jorgrun, a two-headed ogre, an orc warrior and an orc priest.

Vanquished Creatures
  Gastronok (D:9)
  Erica (D:9)
  2 two-headed ogres
  Nergalle (D:10)
  Urug (D:10)
  An orc knight (Orc:1)
  A cyclops (D:11)
  A centaur zombie (D:11)
  Joseph (D:10)
  A black mamba (Lair:1)
  A cane toad (Lair:1)
  Psyche (D:9)
  3 trolls
  8 yaks
  A wyvern (D:11)
  Eustachio (D:5)
  3 steam dragons
  2 wargs (D:10)
  3 vampire mosquitoes (D:10)
  A water moccasin (D:9)
  7 orc warriors
  A hornet zombie (D:8)
  An ice beast (D:6)
  A sky beast (D:6)
  A black bear (D:8)
  7 ogres
  2 centaurs
  A phantom (D:6)
  2 kobold brigands
  7 bullfrogs
  A gnoll sergeant (D:10)
  8 scorpions
  22 killer bees
  6 wights
  A howler monkey (D:6)
  A bullfrog zombie (D:5)
  4 hounds
  2 jellies (D:5)
  3 orc priests
  3 bullfrog skeletons
  A gnoll shaman (D:10)
  Ijyb (D:3)
  9 orc wizards
  4 iguanas
  A killer bee zombie (D:7)
  A howler monkey zombie (D:9)
  Robin (D:2)
  11 gnolls
  3 adders
  2 shadow imps
  2 white imps
  2 ufetubi
  3 worms
  A dart slug (D:1)
  36 orcs
  6 endoplasms
  7 giant cockroaches
  17 goblins
  10 hobgoblins
  3 jackals (D:2)
  7 kobolds
  4 quokkas
  3 ball pythons
  4 bats
  4 frilled lizards
  3 rats
262 creatures vanquished.

Vanquished Creatures (others)
  An adder (D:6)
  16 fungi
  6 plants
23 creatures vanquished.

Grand Total: 285 creatures vanquished

Notes
Turn   | Place    | Note
-------+----------+-------------------------------------------
     0 | D:1      | Spaninq the Draconian Transmuter began the quest for the
                  | Orb.
     0 | D:1      | Reached XP level 1. HP: 16/16 MP: 3/3
   404 | D:1      | Found Ropn's Distillery.
   424 | D:1      | Reached XP level 2. HP: 14/23 MP: 3/5
   568 | D:1      | Learned a level 2 spell: Wereblood
   652 | D:1      | Reached skill level 1 in Shields
   991 | D:1      | Reached XP level 3. HP: 26/28 MP: 4/6
  1350 | D:2      | Noticed Robin
  1376 | D:2      | Killed Robin
  1483 | D:2      | Reached XP level 4. HP: 31/36 MP: 5/7
  1867 | D:2      | Found a faded altar of an unknown god.
  2122 | D:2      | Found Voutty's Weapon Shoppe.
  2278 | D:2      | You fall into a shaft and drop 1 floor!
  2297 | D:3      | Reached skill level 4 in Unarmed Combat
  2492 | D:3      | Reached XP level 5. HP: 29/42 MP: 6/8
  2848 | D:3      | Found a white marble altar of Elyvilon.
  3281 | D:3      | Noticed Ijyb
  3425 | D:3      | Killed Ijyb
  3663 | D:4      | Reached XP level 6. HP: 47/50 MP: 9/9
  4296 | D:4      | Identified the +2 robe "Rohaotigg" {rPois Will+ Int+2}
  4852 | D:5      | Entered Level 5 of the Dungeon
  4863 | D:4      | Reached skill level 5 in Unarmed Combat
  5016 | D:5      | Your scales start taking on a glossy black colour.
  5016 | D:5      | Reached XP level 7. HP: 43/57 MP: 10/10
  5016 | D:5      | Gained mutation: You are resistant to electric shocks.
                  | (rElec) [Black Draconian growth]
  5546 | D:5      | Reached skill level 6 in Unarmed Combat
  5657 | D:5      | Noticed Eustachio
  5692 | D:5      | Killed Eustachio
  5693 | D:5      | Reached XP level 8. HP: 49/67 MP: 11/11
  6006 | D:5      | Found Muwn's Antique Weapon Emporium.
  6411 | D:5      | Identified the +2 pair of boots of Greater Demons {Regen+
                  | rCorr Int+6 Dex-5}
  6447 | D:6      | Reached skill level 7 in Unarmed Combat
  6604 | D:6      | Reached skill level 5 in Fighting
  6932 | D:6      | HP: 3/68 [steam dragon (6)]
  6933 | D:6      | HP: 1/68 [steam dragon] (2)]
  6937 | D:6      | Gained mutation: You are robust. (+10% HP) [potion of
                  | mutation]
  6937 | D:6      | Gained mutation: You are very robust. (+20% HP) [potion of
                  | mutation]
  6965 | D:6      | Reached XP level 9. HP: 58/88 MP: 13/13
  7056 | D:6      | Identified a scroll of acquirement
  7056 | D:6      | Acquired the +3 pair of gauntlets of War {Slay+5}
  7056 | D:6      | Found the +3 pair of gauntlets of War {Slay+5}
  7133 | D:6      | Found a hide-covered altar of Uskayaw.
  7355 | D:6      | Reached skill level 8 in Unarmed Combat
  7399 | D:6      | Reached skill level 5 in Dodging
  7541 | D:7      | Found Gozag's Platinum Reserve.
  7541 | D:7      | Found an opulent altar of Gozag.
  7618 | D:7      | Found Jaopasig's Book Shop.
  7984 | D:7      | Found a staircase to the Ecumenical Temple.
  7991 | Temple   | Entered the Ecumenical Temple
  8129 | Temple   | Became a worshipper of Ashenzari the Shackled
  8562 | D:8      | Found a blossoming altar of Fedhas.
  8568 | D:8      | Found a radiant altar of Vehumet.
  8784 | D:8      | Reached skill level 9 in Unarmed Combat
  8916 | D:8      | Found a staircase to the Lair.
  9026 | Lair:1   | Entered Level 1 of the Lair of Beasts
  9026 | Lair:1   | Noticed a black mamba
  9036 | Lair:1   | Killed a black mamba
  9036 | Lair:1   | Noticed a cane toad
  9109 | Lair:1   | Killed a cane toad
  9110 | Lair:1   | Reached XP level 10. HP: 31/100 MP: 16/16
  9219 | D:9      | Noticed Gastronok
  9233 | D:8      | Learned a level 5 spell: Blade Hands
  9314 | D:9      | Killed Gastronok
  9315 | D:9      | Reached skill level 5 in Transmutations
  9315 | D:9      | Identified the cursed +0 buckler "Sybil of the Sky" {Cun,
                  | Evo} (You found it on level 1 of the Dungeon)
  9364 | D:9      | Reached skill level 5 in Shields
  9454 | D:9      | Reached skill level 5 in Spellcasting
  9464 | D:9      | Found a burning altar of Makhleb.
  9464 | D:9      | Found a shadowy altar of Dithmenos.
  9466 | D:9      | Found a bloodstained altar of Trog.
  9542 | D:9      | Reached skill level 10 in Unarmed Combat
  9616 | D:9      | Noticed Psyche
  9669 | D:9      | Killed Psyche
  9890 | D:9      | Reached * piety under Ashenzari
 10010 | D:9      | Noticed Erica
 10022 | D:9      | Killed Erica
 10023 | D:9      | Reached XP level 11. HP: 103/111 MP: 17/19
 10399 | D:10     | Entered Level 10 of the Dungeon
 10422 | D:10     | Identified the +3 robe of the Slorg {Int+4}
 10493 | D:10     | Noticed Urug
 10497 | D:10     | Noticed Joseph
 10532 | D:10     | Killed Urug
 10561 | D:10     | Killed Joseph
 11087 | D:10     | Found a staircase to the Orcish Mines.
 11234 | D:10     | Noticed a two-headed ogre
 11245 | D:10     | Killed a two-headed ogre
 11365 | D:10     | Reached skill level 11 in Unarmed Combat
 11587 | D:10     | Noticed Nergalle
 11620 | D:10     | Killed Nergalle
 11639 | D:10     | Found a portal to a secret trove of treasure.
 11752 | D:11     | Noticed a boulder beetle
 12230 | D:11     | Noticed a two-headed ogre
 12239 | D:11     | Killed a two-headed ogre
 12454 | D:11     | Noticed a boulder beetle
 12832 | Orc:1    | Entered Level 1 of the Orcish Mines
 13062 | Orc:1    | Noticed an orc knight
 13151 | Orc:1    | Killed an orc knight
 13152 | Orc:1    | Reached XP level 12. HP: 84/123 MP: 21/21
 13346 | Orc:2    | Entered Level 2 of the Orcish Mines
 13362 | Orc:2    | Noticed Jorgrun
 13364 | Orc:2    | Noticed a two-headed ogre
 13381 | Orc:2    | HP: 3/123 [two-headed ogre (4)]
 13382 | Orc:2    | Mangled by a two-headed ogre

Illustrated notes

Levels and vault maps discovered:
D:1:      nagdon_arrival_double_spiral, layout_basic, serial_shops,
          nicolae_shop_stone, bh_walls_and_bars
D:2:      layout_loops_corners, chequers_ecumenical_altar_grove, serial_shops,
          shop, minmay_misc_feat_plants, chequers_arboretum, uniq_robin
D:3:      layout_basic, elyvilon_altar_3, uniq_ijyb
D:4:      layout_loops_ring, serial_aquarium, aquarium_bridge_straight
          [aquarium_subvault_bridge, aquarium_subvault_window,
          aquarium_subvault_bridge, aquarium_subvault_wall], aquarium_window_3,
          aquarium_window_fake, aquarium_window_fake, aquarium_window_fake,
          aquarium_view_2e, aquarium_view_2b, aquarium_balcony_3b,
          serial_bayou_pond_d, chequers_big_river
D:5:      layout_gridville, serial_shops, nicolae_shop_waterfront,
          grunt_decor_junction, uniq_eustachio
D:6:      cheibrodos_barr_body, layout_basic, nicolae_uskayaw_suspiria,
          grunt_decor_fettered
D:7:      layout_loops_cross, nicolae_gozag_zags_fifth_avenue,
          minmay_temple_entry_nine_rooms, nicolae_stop_n_shop_2
D:8:      layout_gridville, mainiacjoe_overflow_catwalk_spiral,
          grunt_lair_entry_orc_guard_hut
D:9:      layout_gridville, grunt_temple_overflow_open, uniq_gastronok,
          uniq_erica, uniq_psyche
D:10:     layout_loops_ring, orc_0_dummy, nicolae_trove_entry_isolated,
          item_on_display_a, uniq_urug, uniq_nergalle, uniq_joseph
D:11:     layout_roguey, chei_slow_surprise
Temple:   jpeg_temple_clearing
Lair:1:   layout_regular_city, minmay_stone_trees_small
Orc:1:    layout_caves
Orc:2:    st_orc_pillars, layout_diamond_mine, uniq_jorgrun

Skill      XL: |  1  2  3  4  5  6  7  8  9 10 11 |
---------------+----------------------------------+-----
Dodging        | 2 3 4 5 6 7 |  7.5
Shields        | 1 2 3 4 5 6 |  6.7
Fighting       | 2 3 4 5 6 7 8 |  8.9
Unarmed Combat | 4 5 6 7 9 10 11 | 11.7
Transmutations | 3 4 5 6 |  6.9
Spellcasting   | 3 4 5 6 |  6.2

Action                   |  1- 3 |  4- 6 |  7- 9 | 10-12 || total
-------------------------+-------+-------+-------+-------++-------
Melee: Unarmed           |    92 |       |   293 |   461 ||   846
       Kick              |    15 |     9 |    25 |       ||    49
       Tailslap          |     7 |    10 |    32 |    46 ||    95
       Headbutt          |     5 |     6 |    12 |       ||    23
       Hand axe          |       |   140 |    65 |     6 ||   211
 Cast: Beastly Appendage |    16 |     9 |    12 |       ||    37
       Wereblood         |     1 |     4 |     9 |    20 ||    34
       Blade Hands       |       |       |       |     2 ||     2
Invok: Curse Item        |       |       |     1 |     1 ||     2
 Abil: Breathe Lightning |       |       |     4 |       ||     4
  Use: Potion            |       |       |     8 |     5 ||    13
       Scroll            |       |       |     9 |     2 ||    11
Armor: Skin              |    22 |    40 |   134 |   162 ||   358
Dodge: Dodged            |    44 |    78 |   177 |   241 ||   540
       Repelled          |       |       |     1 |       ||     1
Block: Buckler           |    10 |    26 |    57 |    76 ||   169

Table legend: (Time is in decaauts)
 A = Elapsed time spent in this place.
 B = Non-inter-level travel time spent in this place.
 C = Inter-level travel time spent in this place.
 D = Time resting spent in this place.
 E = Time spent auto-exploring this place.
 F = Levels seen in this place.
 G = Mean time per level.
                   A        B        C        D        E       F      G
               +--------+--------+--------+--------+--------+-----+--------+
         Total |  13338 |  12406 |    932 |   1390 |   7997 |  15 |  889.2 |
       Dungeon |  12767 |  11862 |    905 |   1390 |   7695 |  11 | 1160.6 |
        Temple |    155 |    141 |     14 |      0 |     67 |   1 |  155.0 |
          Lair |     24 |     24 |      0 |      0 |      0 |   1 |   24.0 |
  Orcish Mines |    389 |    376 |     13 |      0 |    235 |   2 |  194.5 |
               +--------+--------+--------+--------+--------+-----+--------+

Top non-repeatable levels by time:
     D:4: 1829 daAuts
     D:1: 1332 daAuts
    D:10: 1326 daAuts
     D:3: 1301 daAuts
     D:5: 1257 daAuts
     D:9: 1097 daAuts
     D:6: 1066 daAuts
     D:2: 970 daAuts
     D:8: 961 daAuts
     D:7: 819 daAuts
    D:11: 807 daAuts
   Orc:1: 355 daAuts
  Temple: 155 daAuts
   Orc:2: 34 daAuts
  Lair:1: 24 daAuts
